 Dungeon Crawl Stone Soup version 0.17-a0-1842-gacc33f2 (webtiles) character file.

65 Raurakos the Chopper (level 4, -5/37 HPs)
             Began as a Hill Orc Gladiator on Sept 17, 2015.
             Was an Initiate of Okawaru.
             Slain by Natasha (8 damage)
             ... on level 2 of the Dungeon.
             The game lasted 00:07:10 (1430 turns).

Raurakos the Chopper (Hill Orc Gladiator)           Turns: 1430, Time: 00:07:10

Health: -5/37      AC:  4    Str: 17    XL:     4   Next: 14%
Magic:  4/4        EV: 12    Int:  8    God:    Okawaru [......]
Gold:   74         SH:  0    Dex: 12    Spells: 0 memorised, 3 levels left

rFire  . . .     SeeInvis .     a - +0 war axe
rCold  . . .     Clarity  .     b - +0 leather armour
rNeg   . . .     SustAt   .     (no shield)
rPois  .         Gourm    .     c - +0 helmet
rElec  .         Spirit   .     (no cloak)
rCorr  .         Warding  .     (no gloves)
rMut   .         Stasis   .     (no boots)
MR     .....                    (no amulet)
Stlth  +.........               (no ring)
                                (no ring)

@: about to teleport, slowed, very slow, not resistant to hostile enchantments,
very unstealthy
A: no striking features
a: Renounce Religion


You were on level 2 of the Dungeon.
You worshipped Okawaru.
Okawaru was noncommittal.
You were near starving.

You visited 1 branch of the dungeon, and saw 2 of its levels.

You collected 74 gold pieces.

Inventory:

Hand weapons
 a - a +0 war axe (weapon)
Missiles
 d - 3 throwing nets (quivered)
 g - 22 stones
 k - 7 poisoned needles
 l - 8 needles of sleeping
Armour
 b - a +0 leather armour (worn)
 c - a +0 helmet (worn)
Jewellery
 e - an uncursed ring of protection from magic {unknown}
Scrolls
 n - a scroll of amnesia {unknown}
 o - a scroll of recharging {unknown}
 q - a scroll of enchant weapon {unknown}
 r - a scroll of fear {unknown}
 s - a scroll of identify {unknown}
Potions
 p - a potion of flight {unknown}
Comestibles
 f - a bread ration
 m - 2 fruits


   Skills:
 - Level 2.4 Fighting
 + Level 6.4 Axes
 - Level 2.0 Throwing
 - Level 2.4 Dodging


You had 3 spell levels left.
You didn't know any spells.

Dungeon Overview and Level Annotations

Branches:
Dungeon (2/15)

Altars:
Ashenzari
Okawaru

Annotations:
D:2 Natasha


Message History

Natasha closely misses you.
The iron imp grinds its teeth.
You closely miss Natasha.
Natasha is lightly wounded.
You closely miss the crimson imp. You hit the white imp but do no damage.
Natasha barely misses you. The white imp barely misses you.
The crimson imp hits you. Natasha claws you! The white imp barely misses you.
The crimson imp hits you but does no damage.
The iron imp hits you!
Read which item? (? for menu, Esc to quit)
As you read the scroll labeled IGREAR CIANWOD, it crumbles to dust.
You feel strangely unstable.
It was a scroll of teleportation.
Natasha claws you.
* * * LOW HITPOINT WARNING * * *
The white imp hits you.
* * * LOW HITPOINT WARNING * * *
The white imp freezes you.
* * * LOW HITPOINT WARNING * * *
The crimson imp blinks!
The iron imp closely misses you. Natasha claws you!
You die...

###..### ##### #.(..._#
##...##
###8.)8############.....##
###
#................#.......#
..#
#.....##########.........#
..###.....# ###......<#
....#.##### ########.....)##
##....#########5.......#...##
...............h@.....######
#...##.........55.....#
..#....#####..........#
.......5............[.#####
...#...#####..............##
.#####..## #..........##...#
## ##.h# ####....######.##
#..#### ###.## #.# ##r...#
#.# #.#


You could see an iron imp, Natasha, a crimson imp and a white imp.

Vanquished Creatures
  Natasha (D:2)
  2 adders (D:2)
  A ball python (D:2)
  2 bats (D:1)
  4 goblins
  2 hobgoblins (D:1)
  3 kobolds
  A quokka (D:2)
  A giant cockroach (D:1)
  A giant newt (D:2)
  3 rats (D:2)
21 creatures vanquished.

Notes
Turn   | Place    | Note
--------------------------------------------------------------
     0 | D:1      | Raurakos the Hill Orc Gladiator began the quest for the Orb.
     0 | D:1      | Reached XP level 1. HP: 18/18 MP: 1/1
   226 | D:2      | Reached XP level 2. HP: 25/25 MP: 2/2
   236 | D:2      | Found an iron altar of Okawaru.
   241 | D:2      | Noticed Natasha
   439 | D:1      | Reached skill level 5 in Axes
   681 | D:2      | Found a shattered altar of Ashenzari.
   701 | D:2      | Became a worshipper of Warmaster Okawaru
   756 | D:2      | Reached XP level 3. HP: 4/30 MP: 3/3
  1249 | D:2      | Killed Natasha
  1249 | D:2      | Reached skill level 6 in Axes
  1249 | D:2      | Reached XP level 4. HP: 9/37 MP: 4/4
  1407 | D:2      | Noticed Natasha
  1430 | D:2      | Slain by Natasha

Vault maps used:
D:1:      lemuel_arrival_lava_pool
D:2:      nemelex_altar_shiori, minitemple, hangedman_decor_slide_cut,
          okawaru_metal_pillars_1_2, uniq_natasha, uniq_sigmund

Action                   |  1- 3 |  4- 6 || total
-------------------------+-------+-------++-------
Melee: War axe           |    82 |     5 ||    87
Throw: Stone             |    43 |       ||    43
       Throwing net      |     1 |       ||     1
  Use: Potion            |       |     2 ||     2
       Scroll            |       |     1 ||     1
 Stab: Held in net/web   |     1 |       ||     1
